 Dungeon Crawl Stone Soup version 0.30-a0-329-g85436e0a43 (webtiles) character file.

Game seed: 16182359447987020338

354 Twinkles the Cudgeller (level 6, -12/46 (51) HPs)
             Began as a Gnoll Reaver on Oct 29, 2022.
             Was a Follower of Okawaru.
             Mangled by a wight
             ... wielding a +0 battleaxe
              (14 damage)
             ... on level 3 of the Dungeon.
             The game lasted 00:17:55 (3019 turns).

Twinkles the Cudgeller (Gnoll Reaver)               Turns: 3019, Time: 00:17:56

HP:   -12/46 (51)   AC:  9    Str: 11    XL:     6   Next: 62%
MP:   22/23         EV:  9    Int: 13    God:    Okawaru [*.....]
Gold: 123           SH:  4    Dex: 12    Spells: 12/15 levels left

rFire   . . .      SeeInvis .    n - +1 short sword (protect)
rCold   . . .      Faith    .    d - +0 buckler of Leapfrog {rPois MP+9}
rNeg    . . .      Spirit   .    w - +3 scale mail
rPois   +          Reflect  .    (no helmet)
rElec   .          Harm     .    (no cloak)
rCorr   .          Rampage  .    (no gloves)
Will    .....                    (no boots)
Stlth   +.........               (no amulet)
HPRegen 0.27/turn                (no ring)
MPRegen 0.18/turn                (no ring)

@: drained
A: fangs 1, strong nose, distributed training
a: Renounce Religion, Heroism


You were on level 3 of the Dungeon.
You worshipped Okawaru.
Okawaru was aware of your devotion.
You visited 1 branch of the dungeon, and saw 4 of its levels.

You collected 123 gold pieces.

Inventory:

Hand Weapons
 a - a +0 mace
 n - a +1 short sword of protection (weapon)
 y - a +1 broad axe
Missiles
 s - 41 stones
 z - 6 boomerangs
Armour
 b - a +0 leather armour
 c - a +0 buckler
 d - the +0 buckler of Leapfrog (worn) {rPois MP+9}
   (You acquired it on level 3 of the Dungeon)

   rPois:     It protects you from poison.
   MP:        It affects your magic capacity (+9).
 u - a +0 scale mail
 w - a +3 scale mail (worn)
Wands
 q - a wand of flame (20)
Scrolls
 f - a scroll of noise {unknown}
 i - a scroll of summoning {unknown}
 j - a scroll of vulnerability {unknown}
 k - a scroll of teleportation {unknown}
 l - a scroll of fear {unknown}
 m - a scroll of acquirement
 o - a scroll of butterflies {unknown}
 r - a scroll of enchant weapon
 t - a scroll of magic mapping {unknown}
 A - a scroll of enchant armour {unknown}
 Z - a scroll of identify
Potions
 g - a potion of flight {unknown}
 h - a potion of mutation {unknown}
 p - a potion of berserk rage {unknown}
 v - a potion of curing {unknown}
 x - a potion of lignification {unknown}


   Skills:
 + Level 5.0 Fighting
 + Level 2.1 Short Blades
 + Level 2.1 Long Blades
 + Level 2.1 Axes
 + Level 6.9 Maces & Flails
 + Level 2.1 Polearms
 + Level 2.1 Staves
 + Level 2.1 Ranged Weapons
 + Level 2.1 Throwing
 + Level 2.1 Armour
 + Level 5.0 Dodging
 + Level 2.1 Stealth
 + Level 2.1 Shields
 + Level 2.1 Unarmed Combat
 + Level 5.4 Spellcasting
 + Level 5.7 Conjurations
 + Level 1.7 Hexes
 + Level 1.7 Summonings
 + Level 1.7 Necromancy
 + Level 1.7 Translocations
 + Level 1.7 Transmutations
 + Level 1.7 Fire Magic
 + Level 1.7 Ice Magic
 + Level 1.7 Air Magic
 + Level 1.7 Earth Magic
 + Level 1.7 Poison Magic
 + Level 2.3 Invocations
 + Level 2.1 Evocations


You had 12 spell levels left.
You knew the following spells:

 Your Spells              Type           Power      Damage    Failure   Level
a - Kiss of Death         Conj/Necr      52%        2d9       30%         1
b - Momentum Strike       Conj/Tloc      26%        3d8       41%         2

Your spell library contained the following spells:

 Spells                   Type           Power      Damage    Failure   Level
 Beastly Appendage        Tmut           16%        N/A       56%         1
 Freeze                   Ice            32%        1d5       56%         1
 Hailstorm                Conj/Ice       13%        3d5       65%         3
 Wereblood                Tmut           8%         N/A       71%         2
 Frozen Ramparts          Ice            16%        1d3       90%         3
 Gell's Gravitas          Tloc           8%         N/A       90%         3
 Spider Form              Tmut/Pois      8%         N/A       90%         3
 Teleport Other           Tloc           8%         N/A       90%         3
 Iskenderun's Battlesphe  Conj           18%        2d7       98%         5
 Fireball                 Conj/Fire      6%         3d5       100%        5
 Conjure Ball Lightning   Conj/Air       6%         3x3d7     100%        6
 Dispersal                Tloc           4%         N/A       100%        6
 Orb of Destruction       Conj           9%         9d6       100%        7


Dungeon Overview and Level Annotations

Branches:
Dungeon (4/15) Zot: 20997  Temple (0/1) D:4

Altars:
Okawaru

Annotations:
D:2 1 runed translucent door, Crazy Yiuf, Natasha


Innate Abilities, Weirdness & Mutations

You have very sharp teeth.
Your uncanny sense of smell can sniff out nearby items.
Your experience applies equally to all skills.


Message History

You closely miss the wight.
The wight is lightly damaged.
The wight barely misses you.
Casting: Momentum Strike (dangerous; 41% risk of failure)
Confirm with . or Enter, or press ? or * to list all spells.
Okay, then.
Unknown command.
Casting: Momentum Strike (dangerous; 41% risk of failure)
Confirm with . or Enter, or press ? or * to list all spells.
Aiming: Momentum Strike (dangerous; 41% risk of failure)
Press: ? - help, Dir - move target, f - wight
Aim: a wight, wielding a +0 battleaxe and wearing a +0 robe (lightly damaged, 71% to hit)
You miscast Momentum Strike.
You are very lightly contaminated with residual magic.
Nothing appears to happen.
The wight hits you but does no damage.
Okay, then.
Unknown command.
You barely miss the wight. Your bite misses the wight.
The wight is lightly damaged.
The wight hits you but does no damage.
You hit the wight but do no damage. You bite the wight, but do no damage.
The wight is lightly damaged.
The wight hits you but does no damage.
You hit the wight but do no damage.
The wight is lightly damaged.
You block the wight's attack.
You hit the wight but do no damage.
The wight is lightly damaged.
The wight hits you with a +0 battleaxe.
* * * LOW HITPOINT WARNING * * *
The wight attacks as you move away! The wight closely misses you.
The wight attacks as you move away! The wight hits you with a +0 battleaxe.
* * * LOW HITPOINT WARNING * * *
You feel drained.
* * * LOW HITPOINT WARNING * * *
Your magical contamination has completely faded away.
The wight attacks as you move away! The wight hits you with a +0 battleaxe.
* * * LOW HITPOINT WARNING * * *
The wight attacks as you move away! The wight hits you with a +0 battleaxe!
You die...

## #.##.## #.# #.# #.##.# #.# #.#
#.##.######>## #######.###
###.##....[.)..# #.........#
#.....#######..###.........#
######.....#######.......#####..#
.#...........<...#.####..#S?$#..#
.#.###...........z.# #..#$((#..#
...# #.....#####@### #..#$??#..#
.### ###.#.# #<# #..#####..#
.#######.#.# #.# ##.....†...#
.........#.# #.# #..........#
########.#.# #.# #.######.#.. #
#.#.# #.#####)######.#.# #.#.#
#...)........#.#..
#...#####.<#########.#.#..
#.#...........# #.#.#..


You could see a wight.

Vanquished Creatures
  A scorpion (D:3)
  A wight (D:3)
  Natasha (D:2)
  4 orc wizards
  4 adders
  3 dart slugs
  2 orcs (D:3)
  3 endoplasms
  2 giant cockroaches
  6 goblins
  9 hobgoblins
  5 kobolds
  A quokka (D:3)
  4 ball pythons
  6 bats
  4 frilled lizards
  10 rats
66 creatures vanquished.

Vanquished Creatures (others)
  Terence (D:2)
  3 fungi (D:2)
4 creatures vanquished.

Grand Total: 70 creatures vanquished

Notes
Turn   | Place    | Note
-------+----------+-------------------------------------------
     0 | D:1      | Twinkles the Gnoll Reaver began the quest for the Orb.
     0 | D:1      | Reached XP level 1. HP: 20/20 MP: 6/6
    53 | D:1      | Found a faded altar of an unknown god.
   194 | D:1      | Reached XP level 2. HP: 23/26 MP: 7/7
   783 | D:2      | Learned a level 2 spell: Momentum Strike
   825 | D:2      | Reached skill level 5 in Spellcasting
   825 | D:2      | Reached XP level 3. HP: 31/31 MP: 7/9
   848 | D:2      | Noticed Natasha
   961 | D:2      | Reached skill level 1 in Invocations
  1063 | D:2      | Found an iron altar of Okawaru.
  1074 | D:2      | Became a worshipper of Warmaster Okawaru
  1113 | D:2      | Killed Natasha
  1114 | D:2      | Reached skill level 1 in Short Blades
  1114 | D:2      | Reached skill level 1 in Long Blades
  1114 | D:2      | Reached skill level 1 in Axes
  1114 | D:2      | Reached skill level 1 in Polearms
  1114 | D:2      | Reached skill level 1 in Staves
  1114 | D:2      | Reached skill level 1 in Ranged Weapons
  1114 | D:2      | Reached skill level 1 in Throwing
  1114 | D:2      | Reached skill level 1 in Armour
  1114 | D:2      | Reached skill level 1 in Stealth
  1114 | D:2      | Reached skill level 1 in Shields
  1114 | D:2      | Reached skill level 1 in Unarmed Combat
  1114 | D:2      | Reached skill level 1 in Evocations
  1114 | D:2      | Reached XP level 4. HP: 31/35 MP: 9/11
  1232 | D:2      | Reached skill level 1 in Hexes
  1232 | D:2      | Reached skill level 1 in Summonings
  1232 | D:2      | Reached skill level 1 in Necromancy
  1232 | D:2      | Reached skill level 1 in Translocations
  1232 | D:2      | Reached skill level 1 in Transmutations
  1232 | D:2      | Reached skill level 1 in Fire Magic
  1232 | D:2      | Reached skill level 1 in Ice Magic
  1232 | D:2      | Reached skill level 1 in Air Magic
  1232 | D:2      | Reached skill level 1 in Earth Magic
  1232 | D:2      | Reached skill level 1 in Poison Magic
  1330 | D:2      | Noticed Terence
  1347 | D:2      | Killed Terence
  1530 | D:2      | Found a runed translucent door.
  1530 | D:2      | Noticed Natasha
  1531 | D:2      | Noticed Crazy Yiuf
  1706 | D:3      | Reached XP level 5. HP: 37/37 MP: 12/12
  1975 | D:3      | Noticed an ogre
  2267 | D:4      | Found a staircase to the Ecumenical Temple.
  2456 | D:3      | Identified 2 scrolls of acquirement
  2456 | D:3      | HP: 11/37 [wight/+4 falchion of freezing (2)]
  2640 | D:3      | Reached XP level 6. HP: 45/45 MP: 13/13
  2722 | D:3      | Reached * piety under Okawaru
  2723 | D:3      | Reached skill level 5 in Fighting
  2723 | D:3      | Reached skill level 5 in Dodging
  2776 | D:3      | Acquired the +0 buckler of Leapfrog {rPois MP+9}
  3003 | D:3      | HP: 12/47 [wight/+0 battleaxe (13)]
  3012 | D:3      | HP: 13/47 [wight/+0 battleaxe (1)]
  3015 | D:3      | HP: 6/46 [wight/+0 battleaxe (2)]
  3018 | D:3      | HP: 2/46 [wight/+0 battleaxe (5)]
  3019 | D:3      | Mangled by a wight

Illustrated notes

Levels and vault maps discovered:
D:1:      lemuel_arrival_broad_hall, layout_loops_ring,
          shapermc_ecumenical_altar_venn
D:2:      layout_rooms, basic_altar, grunt_ministairs_7, palyth_stone_intersect,
          uniq_natasha, uniq_terence, uniq_crazy_yiuf_cottage
D:3:      layout_loops_ring, due_unseen_surprise
D:4:      layout_cave_pools, minmay_temple_entry_statues_pillars

Skill      XL: |  1  2  3  4  5  6 |
---------------+-------------------+-----
Spellcasting   | 5 |  5.4
Invocations    | 1 2 |  2.3
Short Blades   | 1 2 |  2.1
Long Blades    | 1 2 |  2.1
Axes           | 1 2 |  2.1
Polearms       | 1 2 |  2.1
Staves         | 1 2 |  2.1
Ranged Weapons | 1 2 |  2.1
Throwing       | 1 2 |  2.1
Armour         | 1 2 |  2.1
Stealth        | 1 2 |  2.1
Shields        | 1 2 |  2.1
Unarmed Combat | 1 2 |  2.1
Evocations     | 1 2 |  2.1
Hexes          | 1 |  1.7
Summonings     | 1 |  1.7
Necromancy     | 1 |  1.7
Translocations | 1 |  1.7
Transmutations | 1 |  1.7
Fire Magic     | 1 |  1.7
Ice Magic      | 1 |  1.7
Air Magic      | 1 |  1.7
Earth Magic    | 1 |  1.7
Poison Magic   | 1 |  1.7
Fighting       | 5 |  5.0
Dodging        | 5 |  5.0
Maces & Flails | |  6.9
Conjurations   | |  5.7

Action                   |  1- 3 |  4- 6 || total
-------------------------+-------+-------++-------
Melee: Mace              |    54 |       ||    54
       Bite              |     8 |    35 ||    43
       Short sword       |    27 |   297 ||   324
 Cast: Kiss of Death     |     1 |     1 ||     2
       Momentum Strike   |       |     1 ||     1
  Use: Scroll            |       |     3 ||     3
       Potion            |       |     1 ||     1
 Stab: Sleeping          |     1 |       ||     1
Armor: Leather armour    |    16 |    13 ||    29
       Scale mail        |       |   129 ||   129
Dodge: Dodged            |    46 |   101 ||   147
Block: Buckler           |    12 |    47 ||    59

Table legend: (Time is in decaauts)
 A = Elapsed time spent in this place.
 B = Non-inter-level travel time spent in this place.
 C = Inter-level travel time spent in this place.
 D = Time resting spent in this place.
 E = Time spent auto-exploring this place.
 F = Levels seen in this place.
 G = Mean time per level.
                   A        B        C        D        E       F      G
               +--------+--------+--------+--------+--------+-----+--------+
         Total |   3002 |   2728 |    274 |    232 |   1632 |   4 |  750.5 |
       Dungeon |   3002 |   2728 |    274 |    232 |   1632 |   4 |  750.5 |
               +--------+--------+--------+--------+--------+-----+--------+

Top non-repeatable levels by time:
     D:3: 1239 daAuts
     D:1: 803 daAuts
     D:2: 786 daAuts
     D:4: 173 daAuts
